 Dungeon Crawl Stone Soup version 0.28.0-43-g3370ac3207 (webtiles) character file.

Game seed: 1699662249023947903

1 Descartes the Sneak (level 1, -3/10 HPs)
             Began as a Felid Delver on Mar 27, 2022.
             Slain by Edmund
             ... wielding a +1 flail of pain
              (4 damage)
             ... on level 4 of the Dungeon.
             The game lasted 00:00:21 (68 turns).

Descartes the Sneak (Felid Delver)                    Turns: 68, Time: 00:00:21

Health: -3/10      AC:  1    Str:  8    XL:     1   Next: 16%
Magic:  2/2        EV: 17    Int: 11    God:
Gold:   0          SH:  0    Dex: 17    Spells: 0/0 levels left
                                        Lives:  0   Deaths: 0

rFire   . . .      SeeInvis +     - Unarmed
rCold   . . .      Faith    .   (shield unavailable)
rNeg    . . .      Spirit   .   (armour unavailable)
rPois   .          Reflect  .   (helmet unavailable)
rElec   .          Harm     .   (cloak unavailable)
rCorr   .          Rampage  .   (gloves unavailable)
Will    .....                   (boots unavailable)
Stlth   ++++......              (no amulet)
HPRegen 0.03/turn               (no ring)
MPRegen 0.08/turn               (no ring)

@: quick
A: very small, claws 1, fangs 3, see invisible, speed 1, shaggy fur 1, stealthy
paws, no weapons or thrown items, no armour, multi-lived
a: no special abilities


You were on level 4 of the Dungeon.
You visited 1 branch of the dungeon, and saw 2 of its levels.

Inventory:

Wands
 e - a wand of digging (3)
Scrolls
 a - a scroll of fog
 b - a scroll of magic mapping
 c - a scroll of fear
 f - a scroll of blinking {unknown}
 h - a scroll of torment {unknown}
Potions
 d - a potion of haste
 g - a potion of magic {unknown}


   Skills:
 - Level 3.0 Fighting
 - Level 2.6 Dodging
 + Level 6.7 Stealth
 - Level 2.0 Unarmed Combat


You couldn't memorise any spells.
You didn't know any spells.
Your spell library was empty.

Dungeon Overview and Level Annotations

Branches:
Dungeon (5/15)
 Temple: D:4-7

Altars:

Annotations:
D:4 Edmund
D:5 Grinder


Innate Abilities, Weirdness & Mutations

You have sharp claws.
You have razor-sharp teeth.
You have supernaturally acute eyesight. (SInv)
You cover ground quickly. (Speed+)
You are covered in fur. (AC +1)
Your paws help you pounce on unaware monsters.
You are incapable of wielding weapons or throwing items.
You cannot wear armour.
You gain extra lives every three experience levels.


Message History

A giant cockroach comes into view.
You see here a ruby potion.
You pounce on the unaware helpless giant cockroach!
You mangle the giant cockroach!!
You kill the giant cockroach!
No target in view!
No target in view!
No target in view!
No target in view!
No target in view!
No target in view!
No target in view!
No target in view!
No target in view!
No target in view!
No target in view!
g - a ruby potion
h - a scroll labelled FUREAC LESA An orc comes into view.
It is wielding a +0 whip of electrocution.
Edmund and a howler monkey skeleton come into view.
Edmund is wielding a +1 flail of pain.
Edmund shouts!
A goblin comes into view. It is wielding a +0 club.
Edmund moves out of view.
The orc shouts!
The goblin shouts!
You scratch Edmund.
Edmund is lightly wounded.
Edmund says, "People accused me of being a cutpurse!"
Edmund misses you. The orc barely misses you.
You barely miss Edmund. You bite Edmund, but do no damage.
Edmund is lightly wounded.
Edmund hits you with a +1 flail of pain!
Ouch! That really hurt!
* * * LOW HITPOINT WARNING * * *
You writhe in agony.
* * * LOW HITPOINT WARNING * * *
The orc misses you.
Edmund hits you with a +1 flail of pain.
You die...

.#######.....>..[.≈≈
..........#####..≈≈≈
#######.### .≈≈≈
#....# ≈≈≈ #.####
#### ≈≈ #.# #...##.
≈ #.# ##.......
###.###........
#####.@.oZ.g.......
#......@###........
#......## ##.......
#......# #...##.
#......# ####
#......# #......#
#......# #......#


You could see Edmund, an orc, a goblin and a howler monkey skeleton.

Vanquished Creatures
  A giant cockroach (D:4)
1 creature vanquished.

Notes
Turn   | Place    | Note
-------+----------+-------------------------------------------
     0 | D:5      | Descartes the Felid Delver began the quest for the Orb.
     0 | D:5      | Reached XP level 1. HP: 10/10 MP: 2/2
     8 | D:5      | Noticed an ogre
    10 | D:5      | Noticed Grinder
    10 | D:5      | Noticed a hound
    56 | D:4      | Noticed Edmund
    68 | D:4      | Slain by Edmund

Illustrated notes

Levels and vault maps discovered:
D:4:      layout_rooms, mainiacjoe_overflow_alcove_1, temple_pool_b,
          minmay_starry_boxes, uniq_edmund
D:5:      layout_loops_ring, mainiacjoe_overflow_surrounded_room,
          ebering_ghost_reflecting_pool, chequers_avenue,
          minmay_a_box_with_orc_wizards_in_it, uniq_pikel, uniq_grinder

Action                   || total
-------------------------++-------
Melee: Unarmed           ||     3
       Bite              ||     1
 Stab: Sleeping          ||     1
Dodge: Dodged            ||     3
